 Dungeon Crawl Stone Soup version 0.30-a0-782-ge64f9170bb (console) character file.

Game seed: 3388629246933105622

5 rlgrobin the Sneak (level 1, 0/13 HPs)
             Began as a Deep Elf Delver on Feb 19, 2023.
             Was an Initiate of Dithmenos.
             Slain by an orc
             ... wielding a +0 club
              (5 damage)
             ... on level 5 of the Dungeon.
             The game lasted 00:01:44 (329 turns).

rlgrobin the Sneak (Deep Elf Delver)                 Turns: 329, Time: 00:01:45

Health: 0/13       AC:  3    Str:  9    XL:     1   Next: 66%
Magic:  3/3        EV: 12    Int: 14    God:    Dithmenos [......]
Gold:   0          SH:  0    Dex: 16    Spells: 0/0 levels left

rFire   . . .      SeeInvis .    a - +0 short sword
rCold   . . .      Faith    .    (no shield)
rNeg    . . .      Spirit   .    b - +0 leather armour
rPois   .          Reflect  .    (no helmet)
rElec   .          Harm     .    (no cloak)
rCorr   .          Rampage  .    (no gloves)
Will    .....                    (no boots)
Stlth   +++                      (no amulet)
HPRegen 0.22/turn                (no ring)
MPRegen 0.08/turn                (no ring)

@: no status effects
A: no striking features
a: Renounce Religion


You were on level 5 of the Dungeon.
You worshipped Dithmenos.
Dithmenos was noncommittal.
You visited 2 branches of the dungeon, and saw 3 of its levels.

Inventory:

Hand Weapons
 a - a +0 short sword (weapon)
 i - a +0 quarterstaff
Armour
 b - a +0 leather armour (worn)
Wands
 g - a wand of digging (3)
Scrolls
 c - a scroll of fog
 d - a scroll of magic mapping
 e - a scroll of fear
 h - a scroll of teleportation {unknown}
Potions
 f - 2 potions of haste


   Skills:
 - Level 2.4 Fighting
 - Level 2.0 Short Blades
 - Level 2.4 Dodging
 + Level 6.4 Stealth


You couldn't memorise any spells.
You didn't know any spells.
Your spell library was empty.

Dungeon Overview and Level Annotations

Branches:
Dungeon (5/15)             Temple (1/1) D:5

Altars:
Ashenzari
Cheibriados
Dithmenos
Elyvilon
Fedhas
Gozag
Kikubaaqudgha
Makhleb
Nemelex Xobeh
Okawaru
Qazlal
Ru
Sif Muna
Trog
Uskayaw
Vehumet
Wu Jian
Xom
Yredelemnul
Zin
The Shining One

Annotations:
D:5 exclusion: jelly


Message History

There is an open door here.
Found a potion of haste.
f - 2 potions of haste (gained 1) Stopped running for exclusion.
The helpless ufetubus fails to defend itself.
You impale the ufetubus!!
You kill the ufetubus!
Dithmenos accepts your kill.
Found a shortbow.
An orc comes into view. It is wielding a +0 club.
Found an inky potion.
The orc shouts!
The orc misses you.
You hit the orc.
The orc is lightly wounded.
The orc hits you with a +0 club.
You hit the orc but do no damage.
The orc is lightly wounded.
The orc closely misses you.
You hit the orc.
The orc is heavily wounded.
The orc barely misses you.
You hit the orc but do no damage.
The orc is heavily wounded.
The orc hits you with a +0 club.
You hit the orc but do no damage.
The orc is heavily wounded.
The orc closely misses you.
You hit the orc but do no damage.
The orc is heavily wounded.
You closely miss the orc.
The orc is heavily wounded.
The orc hits you with a +0 club.
You barely miss the orc.
The orc is heavily wounded.
The orc hits you with a +0 club.
You hit the orc but do no damage.
The orc is heavily wounded.
The orc hits you with a +0 club.
You die...

#.##.##.###.....## ###
#.......# ##...## #
####.#### ##+## #
##### #.# #
...####.##### #
#.###.#........### #
#..)....#........# #
#####.##.....#.#.#####
#@###...##........
.......o#
##.#####.#####
######### #.# #.#
#.#####.# #.......#
#########


You could see an orc.

Vanquished Creatures
  An ufetubus (D:5)
1 creature vanquished.

Notes
Turn   | Place    | Note
-------+----------+-------------------------------------------
     0 | D:5      | rlgrobin the Deep Elf Delver began the quest for the Orb.
     0 | D:5      | Reached XP level 1. HP: 13/13 MP: 3/3
    26 | Temple   | Entered the Ecumenical Temple
    95 | Temple   | Became a worshipper of Dithmenos the Shadowed
   128 | D:4      | Noticed a hound
   144 | D:5      | Noticed an iguana
   197 | D:5      | Noticed a jelly
   329 | D:5      | Slain by an orc

Illustrated notes

Levels and vault maps discovered:
D:4:      layout_rooms
D:5:      layout_loops_corners, temple_pool_b, nicolae_shop_clearance
Temple:   grunt_wide_crystal_templ

Action                     || total
---------------------------++-------
  Melee: Short sword       ||    10
   Stab: Sleeping          ||     1
  Dodge: Dodged            ||     4

Table legend: (Time is in decaauts)
 A = Elapsed time spent in this place.
 B = Non-inter-level travel time spent in this place.
 C = Inter-level travel time spent in this place.
 D = Time resting spent in this place.
 E = Time spent auto-exploring this place.
 F = Levels seen in this place.
 G = Mean time per level.
                   A        B        C        D        E       F      G
               +--------+--------+--------+--------+--------+-----+--------+
         Total |    332 |    309 |     23 |      0 |     37 |   3 |  110.7 |
       Dungeon |    253 |    253 |      0 |      0 |      0 |   2 |  126.5 |
        Temple |     78 |     55 |     23 |      0 |     37 |   1 |   78.0 |
               +--------+--------+--------+--------+--------+-----+--------+

Top non-repeatable levels by time:
     D:5: 251 daAuts
  Temple: 78 daAuts
     D:4: 1 daAuts
